 Dungeon Crawl Stone Soup version 0.30-a0-29-g142975f185 (webtiles) character file.

Game seed: 1935241734653578953

3 Spectrina the Ducker (level 1, 0/13 HPs)
             Began as a Deep Elf Monk on Aug 27, 2022.
             Frozen to death by an endoplasm (2 damage)
             ... on level 1 of the Dungeon.
             The game lasted 00:01:15 (213 turns).

Spectrina the Ducker (Deep Elf Monk)                 Turns: 213, Time: 00:01:16

Health: 0/13       AC:  2    Str:  8    XL:     1   Next: 41%
Magic:  3/3        EV: 13    Int: 14    God:
Gold:   11         SH:  0    Dex: 17    Spells: 0/0 levels left

rFire   . . .      SeeInvis .    a - +0 short sword
rCold   . . .      Faith    .    (no shield)
rNeg    . . .      Spirit   .    b - +0 robe
rPois   .          Reflect  .    (no helmet)
rElec   .          Harm     .    (no cloak)
rCorr   .          Rampage  .    (no gloves)
Will    .....                    (no boots)
Stlth   ++........               (no amulet)
HPRegen 0.04/turn                (no ring)
MPRegen 0.08/turn                (no ring)

@: invisible
A: no striking features
a: no special abilities


You were on level 1 of the Dungeon.
You visited 1 branch of the dungeon, and saw 2 of its levels.

You collected 11 gold pieces.

Inventory:

Hand Weapons
 a - a +0 short sword (weapon)
 f - a +0 dagger
Armour
 b - a +0 robe (worn)
Scrolls
 e - a scroll of noise {unknown}


   Skills:
 - Level 2.4 Fighting
 - Level 3.0 Short Blades
 - Level 3.6 Dodging
 + Level 2.9 Stealth


You couldn't memorise any spells.
You didn't know any spells.
Your spell library was empty.

Dungeon Overview and Level Annotations

Branches:
Dungeon (2/15)

Altars:


Message History

The adder attacks as you move away! The adder bites you but does no damage.
The hobgoblin hits you. The adder attacks as you move away!
The adder bites you but does no damage. The adder closely misses you.
The hobgoblin attacks as you move away! The hobgoblin barely misses you.
You bump into the rock wall.
The adder bites you.
You are poisoned.
The adder poisons you!
You miss the adder.
You feel sick. The adder bites you. x2
You bump into the rock wall.
You feel less invigorated.
You feel less confused.
You feel sick. The adder bites you.
You closely miss the adder.
You feel sick. The adder misses you.
You barely miss the adder.
You feel sick. The adder completely misses you.
You hit the adder.
The adder is lightly wounded.
You feel sick. The adder bites you. x2
* * * LOW HITPOINT WARNING * * *
It was a potion of invisibility.
You fade into invisibility!
* * * LOW HITPOINT WARNING * * *
You feel sick.
You are no longer poisoned.
The adder barely misses you.
Unknown command.
You hit the adder.
The adder is lightly wounded.
The adder bites you but does no damage. The adder bites you but does no damage.
Found a ring mail.
The adder barely misses you. The adder misses you.
You see here a +0 ring mail.
Found a rapier.
The adder hisses angrily.
The ball python hisses angrily.
The hobgoblin shouts!
There is a stone staircase leading up here.
You climb upwards.
The goblin hits you but does no damage. The endoplasm freezes you.
You die...

#########
.$......#
........#
....!...#
...$...J#
.......@#
......ggJ[....#
........#####..
.........
########. #. .
..


You could see 2 endoplasms, a hobgoblin (unable to see you) and a goblin (unable
to see you).

Vanquished Creatures
  A bat (D:1)
  A quokka (D:1)
  A rat (D:2)
3 creatures vanquished.

Notes
Turn   | Place    | Note
-------+----------+-------------------------------------------
     0 | D:1      | Spectrina the Deep Elf Monk began the quest for the Orb.
     0 | D:1      | Reached XP level 1. HP: 13/13 MP: 3/3
   132 | D:1      | You fall into a shaft and drop 1 floor!
   213 | D:1      | Frozen to death by an endoplasm

Illustrated notes

Levels and vault maps discovered:
D:1:      dpeg_arrival_tiny_d, layout_rooms
D:2:      layout_basic, ebering_ecumenical_altar_sacrificial, basic_altar,
          uniq_sigmund, uniq_natasha

Action                   || total
-------------------------++-------
Melee: Short sword       ||    17
  Use: Potion            ||     2
 Stab: Sleeping          ||     2
Armor: Robe              ||     7
Dodge: Dodged            ||    18

Table legend: (Time is in decaauts)
 A = Elapsed time spent in this place.
 B = Non-inter-level travel time spent in this place.
 C = Inter-level travel time spent in this place.
 D = Time resting spent in this place.
 E = Time spent auto-exploring this place.
 F = Levels seen in this place.
 G = Mean time per level.
                   A        B        C        D        E       F      G
               +--------+--------+--------+--------+--------+-----+--------+
         Total |    212 |    212 |      0 |      0 |      0 |   2 |  106.0 |
       Dungeon |    212 |    212 |      0 |      0 |      0 |   2 |  106.0 |
               +--------+--------+--------+--------+--------+-----+--------+

Top non-repeatable levels by time:
     D:1: 133 daAuts
     D:2: 78 daAuts
